 Dungeon Crawl Stone Soup version 0.28-a0-622-gbaef9634d7 (webtiles) character file.

Game seed: 11451025496329184426

109 Rennog the Grasshopper (level 4, -1/30 HPs)
             Began as an Octopode Warper on Oct 8, 2021.
             Slain by a black bear (2 damage)
             ... on level 4 of the Dungeon.
             The game lasted 00:04:17 (4336 turns).

Rennog the Grasshopper (Octopode Warper)            Turns: 4336, Time: 00:04:20

Health: -1/30      AC:  1    Str: 11    XL:     4   Next: 90%
Magic:  6/8        EV: 13    Int: 15    God:
Gold:   164        SH:  0    Dex: 11    Spells: 3/8 levels left

rFire   . . .      SeeInvis .   k - +1 short sword (holy)
rCold   . . .      Faith    .   (no shield)
rNeg    . . .      Spirit   .   (helmet restricted)
rPois   .          Reflect  .   (no amulet)
rElec   .          Harm     .   (no ring)
rCorr   .          Rampage  .   (no ring)
Will    .....                   (no ring)
Stlth   ++........              (no ring)
HPRegen 0.10/turn               (no ring)
MPRegen 0.11/turn               (no ring)
                                (no ring)
                                (no ring)

@: very slightly contaminated
A: almost no armour, amphibious, 8 rings, camouflage 1, gelatinous body 1,
(nimble swimmer 1), tentacles
a: no special abilities


You were on level 4 of the Dungeon.
You visited 1 branch of the dungeon, and saw 4 of its levels.

You collected 164 gold pieces.

Inventory:

Hand Weapons
 a - a +0 short sword
 k - a +1 short sword of holy wrath (weapon)
Missiles
 c - 5 boomerangs of dispersal (quivered)
Wands
 q - a wand of flame (19)
Scrolls
 b - 2 scrolls of blinking
 g - a scroll of enchant weapon {unknown}
 i - a scroll of amnesia {unknown}
 j - 3 scrolls of identify {unknown}
 l - a scroll of fog {unknown}
 o - a scroll of silence {unknown}
 s - a scroll of immolation {unknown}
 t - a scroll of fear {unknown}
Potions
 d - a potion of heal wounds {unknown}
 e - a potion of lignification {unknown}
 f - a potion of brilliance {unknown}
 h - a potion of ambrosia {unknown}
 m - a potion of invisibility {unknown}
 n - a potion of curing {unknown}
 p - a potion of mutation {unknown}
 r - a potion of resistance {unknown}


   Skills:
 + Level 2.9 Fighting
 - Level 2.0 Short Blades
 - Level 1.0 Throwing
 + Level 3.2 Dodging
 + Level 2.7 Spellcasting
 + Level 3.7 Translocations
 - Level 0.7 Transmutations


You had 3 spell levels left.
You knew the following spells:

 Your Spells              Type           Power      Damage    Failure   Level
a - Blink                 Tloc           N/A        N/A       7%          2
b - Teleport Other        Tloc           13%        N/A       14%         3

Your spell library contained the following spells:

 Spells                   Type           Power      Damage    Failure   Level
 Gell's Gravitas          Tloc           6%         N/A       14%         3
 Lesser Beckoning         Tloc           13%        N/A       14%         3
 Beastly Appendage        Tmut           8%         N/A       16%         1
 Foxfire                  Conj/Fire      8%         2x1d4     21%         1
 Pain                     Necr           8%         1d4       21%         1
 Wereblood                Tmut           4%         N/A       22%         2
 Ensorcelled Hibernation  Hex/Ice        4%         N/A       30%         2
 Spider Form              Tmut/Pois      1%         N/A       47%         3
 Conjure Flame            Conj/Fire      2%         6-21      52%         3
 Inner Flame              Hex/Fire       2%         N/A       52%         3
 Tukima's Dance           Hex            2%         N/A       52%         3
 Manifold Assault         Tloc           13%        N/A       77%         5
 Flame Wave               Conj/Fire      2%         3d3       90%         4
 Agony                    Necr           2%         N/A       99%         5
 Excruciating Wounds      Necr           1%         N/A       99%         5


Dungeon Overview and Level Annotations

Branches:
Dungeon (4/15)
 Temple: D:4-7

Altars:


Innate Abilities, Weirdness & Mutations

You cannot wear most types of armour.
You are amphibious.
You can wear up to eight rings at the same time.
Your skin changes colour to match your surroundings (Stealth+).
Your rubbery body absorbs attacks. (AC +1, EV +1)
((You are camouflaged near water. (Stealth+)))
You have tentacles for arms and can constrict up to eight enemies at once.


Message History

The jackal closely misses you.
The jackal bites you but does no damage.
You hit the jackal.
You kill the jackal!
The jackal bites you.
You closely miss the jackal. Your grab misses the jackal.
The jackal closely misses you. The jackal bites you.
You hit the jackal. Your grab misses the jackal.
The jackal is lightly wounded.
The jackal misses you.
You hit the jackal.
You kill the jackal!
The black bear closely misses you. The black bear misses you.
The black bear closely misses you.
You hit the black bear. Your grab misses the black bear.
Your squeeze misses the black bear.
The black bear is lightly wounded.
The black bear bites you. The black bear barely misses you.
The black bear misses you.
You hit the black bear. Your grab misses the black bear.
The black bear is moderately wounded.
The black bear barely misses you. The black bear claws you. x2
You are too injured to fight recklessly!
You are too injured to fight recklessly!
You are too injured to fight recklessly!
You are too injured to fight recklessly!
You are too injured to fight recklessly!
A black bear is nearby!
You completely miss the black bear. Your grab misses the black bear.
The black bear is moderately wounded.
The black bear bites you. The black bear claws you.
* * * LOW HITPOINT WARNING * * *
The black bear barely misses you.
Cast which spell? (? or * to list)
You miscast Blink.
You are very lightly contaminated with residual magic.
Nothing appears to happen.
The black bear bites you.
* * * LOW HITPOINT WARNING * * *
The black bear barely misses you. The black bear claws you.
You die...

####...######...# .......# #...+
.......# #...# .......# #...#
.......# #...# ....)..# #...#
.......# #...######+#########.
.......# ####.....)..............
.......# #......@h...............
.....).###.......................
......##.......###########....###
.......+.......# #....#
########......## #....# #....###
#....# #....# ###### #....#
#....#


You could see a black bear.

Vanquished Creatures
  4 adders
  An ufetubus (D:4)
  3 worms
  4 ball pythons
  2 bats (D:1)
  2 endoplasms (D:1)
  3 giant cockroaches
  4 goblins
  10 hobgoblins
  4 jackals
  10 kobolds
  2 quokkas
  3 frilled lizards
  3 rats
55 creatures vanquished.

Vanquished Creatures (others)
  5 plants (D:4)
  2 withered plants (D:4)
7 creatures vanquished.

Grand Total: 62 creatures vanquished

Notes
Turn   | Place    | Note
-------+----------+-------------------------------------------
     0 | D:1      | Rennog the Octopode Warper began the quest for the Orb.
     0 | D:1      | Reached XP level 1. HP: 14/14 MP: 3/3
   226 | D:1      | Reached XP level 2. HP: 12/19 MP: 5/5
  1607 | D:2      | Reached XP level 3. HP: 25/25 MP: 6/6
  2208 | D:2      | Learned a level 2 spell: Blink
  2766 | D:3      | Reached XP level 4. HP: 30/30 MP: 7/7
  4081 | D:4      | Noticed a black bear
  4146 | D:4      | Noticed a black bear
  4289 | D:4      | Learned a level 3 spell: Teleport Other
  4336 | D:4      | HP: 1/30 [black bear (6)]
  4336 | D:4      | Slain by a black bear

Illustrated notes

Levels and vault maps discovered:
D:1:      dpeg_arrival_another_circle, layout_basic, st_stairs_7
D:2:      layout_basic, dk_noncrumbling_3, chequers_serial_rivers_room_b
D:3:      layout_loops_cross, kennysheep_generic_room_8
D:4:      layout_basic, grunt_temple_overflow_growth_and_decay,
          minmay_temple_entry_poolview

Skill      XL: |  1  2  3 |
---------------+----------+-----
Dodging        | 3 |  3.2
Fighting       | |  2.9
Short Blades   | |  2.0
Throwing       | |  1.0
Spellcasting   | |  2.7
Translocations | |  3.7
Transmutations | |  0.7

Action                   |  1- 3 |  4- 6 || total
-------------------------+-------+-------++-------
Melee: Short sword       |    97 |    47 ||   144
       Constrict         |    22 |    13 ||    35
       Tentacles         |    13 |     7 ||    20
 Stab: Sleeping          |     3 |     3 ||     6
Armor: Skin              |     9 |     3 ||    12
Dodge: Dodged            |    61 |    35 ||    96

Table legend: (Time is in decaauts)
 A = Elapsed time spent in this place.
 B = Non-inter-level travel time spent in this place.
 C = Inter-level travel time spent in this place.
 D = Time resting spent in this place.
 E = Time spent auto-exploring this place.
 F = Levels seen in this place.
 G = Mean time per level.
                   A        B        C        D        E       F      G
               +--------+--------+--------+--------+--------+-----+--------+
         Total |   4336 |   4156 |    180 |      0 |   3693 |   4 | 1084.0 |
       Dungeon |   4336 |   4156 |    180 |      0 |   3693 |   4 | 1084.0 |
               +--------+--------+--------+--------+--------+-----+--------+

Top non-repeatable levels by time:
     D:1: 1574 daAuts
     D:3: 1322 daAuts
     D:2: 1177 daAuts
     D:4: 262 daAuts
